 Dungeon Crawl Stone Soup version 0.25-a0-435-g4b9beb1024 (webtiles) character file.

Game seed: 2517126373514910950, levelgen mode: deterministic

6640 Conn the Thaumaturge (level 10, -3/58 HPs)
             Began as a Deep Elf Fire Elementalist on Jan 29, 2020.
             Was a Believer of Sif Muna.
             Slain by a polar bear (7 damage)
             ... in an ice cave.
             The game lasted 00:41:39 (10051 turns).

Conn the Thaumaturge (Deep Elf Fire Elementalist)  Turns: 10051, Time: 00:41:39

Health: -3/58      AC:  8    Str: 11    XL:     10   Next: 72%
Magic:  25/37      EV: 15    Int: 26    God:    Sif Muna [**....]
Gold:   371        SH:  0    Dex: 15    Spells: 17/33 levels left

rFire    . . .     SeeInvis .   v - +2 short sword (distort)
rCold    . . .     Gourm    .   (no shield)
rNeg     + . .     Faith    .   a - +0 robe
rPois    .         Spirit   .   b - +0 helmet of Darkness {+Fly rN+ Int+5}
rElec    .         Reflect  .   u - +0 cloak
rCorr    .         Harm     .   l - +2 pair of gloves {Str+3}
MR       +....                  f - +0 pair of boots
Stlth    +++.......             C - amulet of magic regeneration
HPRegen  0.19/turn              q - ring of magical power
MPRegen  0.50/turn              (no ring)

@: no status effects
A: no striking features
a: Channel Magic, Renounce Religion, Evoke Flight


You were in an ice cave.
You worshipped Sif Muna.
Sif Muna was pleased with you.
You were not hungry.

You visited 3 branches of the dungeon, and saw 10 of its levels.
You also visited: Ice Cave.

You collected 539 gold pieces.
You spent 168 gold pieces at shops.

Inventory:

Hand Weapons
 e - a +2 short sword
 j - a +2 quarterstaff of speed
 v - a +2 short sword of distortion (weapon)
Missiles
 d - 5 throwing nets (quivered)
 h - 3 boomerangs
 n - 27 poisoned darts
Armour
 a - a +0 robe (worn)
 b - the +0 helmet of Darkness (worn) {+Fly rN+ Int+5}
   (You found it on level 6 of the Dungeon)

   It affects your intelligence (+5).
   It protects you from negative energy.
   It lets you fly.
   If you remove this armour, your AC will fall 1 point (8 -> 7)
 f - a +0 pair of boots (worn)
 g - a +0 buckler
 l - a +2 pair of gloves of strength (worn)
 u - a +0 cloak (worn)
Magical Staves
 t - an uncursed staff of air
Jewellery
 q - a ring of magical power (left hand)
 C - an amulet of magic regeneration (around neck)
Wands
 i - a wand of iceblast (10)
 m - a wand of flame (4)
 z - a wand of clouds (3)
Scrolls
 k - 5 scrolls of remove curse
 o - a scroll of identify
 r - a scroll of enchant weapon
 s - a scroll of magic mapping
 w - a scroll of torment {unknown}
 x - a scroll of enchant armour {unknown}
 y - a scroll of amnesia
 A - a scroll of vulnerability {unknown}
Potions
 p - a potion of haste
 B - a potion of flight {unknown}
Comestibles
 c - 22 rations


   Skills:
 * Level 4.9 Fighting
 + Level 2.8 Short Blades
 + Level 1.1 Throwing
 + Level 4.6 Dodging
 + Level 5.0 Stealth
 * Level 12.2 Spellcasting
 * Level 8.4 Conjurations
 + Level 1.5 Hexes
 * Level 8.4 Fire Magic


You had 17 spell levels left.
You knew the following spells:

 Your Spells              Type           Power        Failure   Level  Hunger
a - Foxfire               Conj/Fire      ####         1%          1    None
b - Conjure Flame         Conj/Fire      ######..     1%          3    None
c - Inner Flame           Hex/Fire       #####...     1%          3    None
d - Sticky Flame          Conj/Fire      ######..     1%          4    None
e - Fireball              Conj/Fire      ######....   3%          5    ###....

Your spell library contained the following spells:

 Spells                   Type           Power        Failure   Level  Hunger
 Animate Skeleton         Necr           N/A          3%          1    None
 Pain                     Necr           ###.         3%          1    None
 Vampiric Draining        Necr           ###.......   11%         3    None
 Animate Dead             Necr           N/A          36%         4    None
 Agony                    Necr           ###.....     71%         5    ###....


Dungeon Overview and Level Annotations

Branches:
Dungeon (8/15)             Temple (1/1) D:6            Lair (1/6) D:8
  IceCv (1/1)

Altars:
Ashenzari
Cheibriados
Dithmenos
Elyvilon
Hepliaklqana
Makhleb
Nemelex Xobeh
Okawaru
Ru
Sif Muna
Trog
Uskayaw
Vehumet
Xom
Zin
Beogh

Shops:
D:5 }

Annotations:
D:6 Kohma's ghost, novice DrTm


Message History

Okay, then.
Okay, then.
Casting: Sticky Flame (safe; 1% risk of failure)
Confirm with . or Enter, or press ? or * to list all spells.
Aiming: Fireball (safe; 3% risk of failure)
Press: ? - help, Shift-Dir - straight line, f - wolf, p - wolf
Aim: a wolf (severely wounded) That beam is likely to hit you.
Continue anyway?
The fireball explodes!
The fireball engulfs the wolf!!
You kill the wolf!
Sif Muna accepts your kill.
The fireball engulfs the polar bear!
The polar bear is almost dead.
The fireball engulfs the wolf!!
You kill the wolf!
Sif Muna accepts your kill. The fireball engulfs you!!
* * * LOW HITPOINT WARNING * * *
The polar bear bites you!
You die...

##### ##.h@#
# #∩..## .#
#..†.# ..##
#...## #...#
##..####...#
#...##..h#
#..##...#
#......#
##...###


You could see a polar bear (berserk).

Vanquished Creatures
  Harold (Lair:1)
  Prince Ribbit (D:8)
  2 hippogriffs
  A basilisk (D:8)
  4 yaks (D:8)
  Grum (D:8)
  A hungry ghost (D:8)
  3 porcupines (D:8)
  2 water moccasins (Lair:1)
  2 ice beasts
  4 orc warriors
  A sky beast (D:7)
  A phantom (D:4)
  A necrophage (D:6)
  4 wolves
  6 ogres
  3 crocodiles (D:8)
  3 centaurs
  A big kobold (D:8)
  7 bullfrogs
  4 scorpions
  4 jellies
  An electric eel (D:7)
  3 crimson imps
  4 hounds
  4 orc priests
  An iguana (D:8)
  Jessica (D:3)
  A centaur skeleton (D:6)
  10 orc wizards
  7 worker ants
  A hound zombie (D:5)
  A hound skeleton (D:4)
  A howler monkey zombie (D:5)
  7 gnolls
  3 adders
  A shadow imp (D:5)
  An ooze (D:4)
  An adder skeleton (D:4)
  An adder zombie (D:8)
  A worm (D:2)
  4 dart slugs
  7 leopard geckos
  30 orcs
  A ball python (D:5)
  8 giant cockroaches
  A goblin (D:1)
  4 hobgoblins
  8 jackals
  4 quokkas
  3 bats
  6 frilled lizards
  17 kobolds
  A leopard gecko skeleton (D:4)
  A leopard gecko zombie (D:6)
  2 quokka skeletons
  A quokka zombie (D:8)
  10 rats
215 creatures vanquished.

Vanquished Creatures (others)
  Sonja (Lair:1)
  691 foxfires
  2 fungi (D:8)
  5 plants (D:8)
699 creatures vanquished.

Grand Total: 914 creatures vanquished

Notes
Turn   | Place    | Note
-------+----------+-------------------------------------------
     0 | D:1      | Conn the Deep Elf Fire Elementalist began the quest for the
                  | Orb.
     0 | D:1      | Reached XP level 1. HP: 10/10 MP: 6/6
   333 | D:1      | Reached XP level 2. HP: 3/15 MP: 5/8
  1133 | D:1      | Found a sparkling altar of Nemelex Xobeh.
  1314 | D:2      | Reached XP level 3. HP: 6/20 MP: 1/10
  1549 | D:2      | Learned a level 3 spell: Conjure Flame
  1553 | D:2      | Learned a level 3 spell: Inner Flame
  1765 | D:2      | Found a shattered altar of Ashenzari.
  1824 | D:2      | Found a sacrificial altar of Ru.
  1857 | D:2      | Found a glowing silver altar of Zin.
  1896 | D:2      | Found a snail-covered altar of Cheibriados.
  2152 | D:2      | Found a shimmering altar of Xom.
  2153 | D:2      | Found a shimmering altar of Xom.
  2153 | D:2      | Found a shimmering altar of Xom.
  2154 | D:2      | Found a shimmering altar of Xom.
  2294 | D:3      | Reached skill level 4 in Spellcasting
  2394 | D:3      | Reached XP level 4. HP: 12/24 MP: 12/12
  2646 | D:3      | Learned a level 4 spell: Sticky Flame
  2742 | D:3      | Noticed Jessica
  2751 | D:3      | Killed Jessica
  2751 | D:3      | Reached skill level 1 in Fighting
  3285 | D:4      | Reached XP level 5. HP: 29/29 MP: 14/14
  3380 | D:4      | Reached skill level 5 in Spellcasting
  3476 | D:4      | Noticed a phantom
  3501 | D:4      | Killed a phantom
  3668 | D:4      | Found a hazy altar of Hepliaklqana.
  3724 | D:4      | Reached XP level 6. HP: 34/34 MP: 16/16
  3998 | D:4      | Reached skill level 6 in Spellcasting
  4052 | D:4      | Found a burning altar of Makhleb.
  4158 | D:5      | Entered Level 5 of the Dungeon
  4224 | D:5      | Reached XP level 7. HP: 20/39 MP: 18/18
  4385 | D:5      | Learned a level 5 spell: Fireball
  4403 | D:5      | Found Pulobreo's Gadget Shop.
  4411 | D:5      | Bought a wand of iceblast (10) for 168 gold pieces
  4493 | D:5      | Reached skill level 1 in Hexes
  4553 | D:5      | Reached skill level 7 in Spellcasting
  4598 | D:5      | Reached skill level 5 in Fire Magic
  4611 | D:5      | Reached skill level 1 in Throwing
  4929 | D:5      | Reached XP level 8. HP: 22/44 MP: 21/21
  5267 | D:5      | Reached skill level 1 in Short Blades
  5681 | D:5      | Found a bloodstained altar of Trog.
  5683 | D:5      | Found a shadowy altar of Dithmenos.
  5756 | D:5      | Reached skill level 8 in Spellcasting
  5846 | D:6      | Reached skill level 5 in Conjurations
  5856 | D:6      | HP: 1/45 [orc priest/divine providence (11)]
  6030 | D:6      | Found a staircase to the Ecumenical Temple.
  6042 | Temple   | Entered the Ecumenical Temple
  6050 | Temple   | Became a worshipper of Sif Muna the Loreminder
  6306 | D:6      | Identified the cursed +0 plate armour "Fiddoi" {SInv}
  6309 | D:6      | Found a runed translucent gate.
  6309 | D:6      | Found a runed translucent gate.
  6309 | D:6      | Noticed Kohma's ghost (novice DrTm)
  6310 | D:6      | Found a roughly hewn altar of Beogh.
  6310 | D:6      | Found a runed translucent gate.
  6376 | D:6      | Reached skill level 9 in Spellcasting
  6769 | D:6      | Reached XP level 9. HP: 41/50 MP: 24/24
  7165 | D:6      | Got a pitted helmet
  7171 | D:6      | Identified the +0 helmet of Darkness {+Fly rN+ Int+5} (You
                  | found it on level 6 of the Dungeon)
  7543 | D:7      | Found a radiant altar of Vehumet.
  7641 | D:7      | Found an iron altar of Okawaru.
  7896 | D:7      | Reached skill level 10 in Spellcasting
  8244 | D:8      | Reached * piety under Sif Muna
  8560 | D:8      | Reached skill level 11 in Spellcasting
  8629 | D:8      | Reached skill level 5 in Stealth
  8662 | D:8      | Noticed Grum
  8674 | D:8      | Killed Grum
  8674 | D:8      | Reached XP level 10. HP: 35/56 MP: 17/27
  9009 | D:8      | Found a staircase to the Lair.
  9167 | D:8      | Reached ** piety under Sif Muna
  9197 | D:8      | Noticed Prince Ribbit
  9206 | D:8      | Killed Prince Ribbit
  9399 | D:8      | Found a hide-covered altar of Uskayaw.
  9635 | Lair:1   | Entered Level 1 of the Lair of Beasts
  9641 | Lair:1   | Reached skill level 12 in Spellcasting
  9669 | Lair:1   | Noticed Harold
  9681 | Lair:1   | Killed Harold
  9688 | Lair:1   | HP: 2/58 [poison (poison gas)]
  9689 | Lair:1   | Noticed Sonja
  9704 | Lair:1   | Killed Sonja
 10020 | Lair:1   | Found a frozen archway.
 10027 | IceCv    | Entered an ice cave
 10051 | IceCv    | Slain by a polar bear

Levels and vault maps discovered:
D:1:      mrwooster_arrival_statue_3, layout_loops_ring,
          nemelex_diamond_rough_becter
D:2:      layout_rooms, xom_redecorated, nicolae_ru_the_path_less_chosen,
          zin_statuary, kennysheep_slug_shrine, nicolae_overflow_crystal_walls
D:3:      layout_basic, first_ration, uniq_jessica
D:4:      layout_basic, kennysheep_mini, lemuel_coloured_pillars_altar,
          serial_bayou_pond_d, palyth_stone_intersect
D:5:      layout_gridville, amethyst_overflow_temple_binary, serial_shops, shop
D:6:      layout_cave_pools, temple_green, biasface_ghost_orc_armoury,
          minivault_22
D:7:      layout_rooms, lemuel_crystal_altar, minivault_14, grunt_ogre_cave,
          vehumet_altar_wand_db
D:8:      layout_cave_pools, kennysheep_mini_moat, minmay_lair_entry_grove,
          nrook_uturn, uniq_prince_ribbit1, uniq_grum
Temple:   dpeg_chambers_temple
Lair:1:   layout_long_grid, portal_ice_cave_entry_pillars_2, uniq_harold,
          uniq_sonja
IceCv:    ice_cave_caverns_03

Skill      XL: |  1  2  3  4  5  6  7  8  9 10 |
---------------+-------------------------------+-----
Stealth        | 3 4 5 |  5.0
Spellcasting   | 4 5 6 7 9 11 12 | 12.2
Fire Magic     | 4 5 6 7 8 |  8.4
Fighting       | 1 2 3 4 |  4.9
Conjurations   | 2 3 4 5 7 8 |  8.4
Dodging        | 3 4 |  4.6
Hexes          | 1 |  1.5
Throwing       | 1 |  1.1
Short Blades   | 1 2 |  2.8

Action                   |  1- 3 |  4- 6 |  7- 9 | 10-12 || total
-------------------------+-------+-------+-------+-------++-------
Melee: Short sword       |    29 |    11 |   139 |    15 ||   194
Throw: Throwing net      |       |     2 |       |       ||     2
 Cast: Foxfire           |    65 |    80 |   210 |    33 ||   388
       Sticky Flame      |       |     3 |    16 |    12 ||    31
       Inner Flame       |       |     1 |     4 |       ||     5
       Fireball          |       |       |     8 |    15 ||    23
       Conjure Flame     |       |       |     4 |       ||     4
  Use: Potion            |       |     5 |     5 |     4 ||    14
       Scroll            |       |       |    14 |     1 ||    15
 Stab: Sleeping          |     5 |     3 |     4 |     1 ||    13
       Invisible         |       |       |     1 |       ||     1
  Eat: Chunk             |     4 |     6 |    12 |     5 ||    27
       Ration            |       |       |     1 |     1 ||     2
Armor: Robe              |    23 |    25 |    73 |    12 ||   133
Dodge: Dodged            |    71 |    57 |   160 |    39 ||   327

Table legend:
 A = Non-vault XP
 B = Vault XP
 C = Vault XP percentage of total XP
 D = Non-vault monster count
 E = Vault monster count
 F = Vault count percentage of total count
                 A         B        C        D         E       F
            +---------+---------+-------+---------+---------+-------
      Total |    5426 |    4061 |  42.8 |     183 |      32 |  14.9
            +---------+---------+-------+---------+---------+-------
        D:1 |      32 |       0 |   0.0 |      19 |       0 |   0.0
        D:2 |      47 |       4 |   7.8 |      26 |       1 |   3.7
        D:3 |      65 |      37 |  36.3 |      17 |       1 |   5.6
        D:4 |     519 |       0 |   0.0 |      16 |       0 |   0.0
        D:5 |    1176 |       0 |   0.0 |      41 |       0 |   0.0
        D:6 |     884 |     446 |  33.5 |      20 |       8 |  28.6
        D:7 |     856 |     114 |  11.8 |      14 |       2 |  12.5
        D:8 |    1458 |    2511 |  63.3 |      27 |      17 |  38.6
     Lair:1 |     389 |     709 |  64.6 |       3 |       1 |  25.0
      IceCv |       0 |     240 | 100.0 |       0 |       2 | 100.0
            +---------+---------+-------+---------+---------+-------
